 Dungeon Crawl Stone Soup version 0.31.0-32-g396128a36d (webtiles) character file.

Game seed: 9117362514935315052

399 spaghetti the Slasher (level 6, -13/49 (57) HPs)
             Began as a Naga Chaos Knight on Mar 11, 2024.
             Was a Plaything of Xom.
             Mangled by an ogre
             ... wielding a +0 giant club
              (21 damage)
             ... on level 4 of the Dungeon.
             The game lasted 00:03:53 (3276 turns).

spaghetti the Slasher (Naga Chaos Knight)           Turns: 3276, Time: 00:03:54

HP:   -13/49 (57)   AC:  6    Str: 15    XL:     6   Next: 84%
MP:   6/6           EV:  9    Int: 16    God:    Xom [......]
Gold: 220           SH:  0    Dex: 12    Spells: 5/5 levels left

rFire   . . .        m - +6 dagger "Yqiwy" {flame, *Noise rElec Str+2 Stlth+}
rCold   . . .        (no shield)
rNeg    . . .        b - +3 leather armour
rPois   +            (no helmet)
rElec   +            (no cloak)
rCorr   .            (no gloves)
SInv    +            (no barding)
Will    +....        (no amulet)
Stlth   ++++         (no ring)
HPRegen 0.28/turn    (no ring)
MPRegen 0.10/turn

%: no passive effects
@: short of breath, attractive, heavily drained, very slow
A: AC +2, large, see invisible, deformed body, poison resistance, slowness 2,
spit poison 1, naga tail 1, clever 1, strong-willed 1, evolution 1, sturdy frame
1
a: Spit Poison, Renounce Religion


You were on level 4 of the Dungeon.
You worshipped Xom.
You were a very special plaything of Xom.
You visited 1 branch of the dungeon, and saw 4 of its levels.

You collected 220 gold pieces.

Inventory:

Hand Weapons
 a - a +0 falchion of chaos
 g - the +0 spear of Parts Unknown {freeze, Str+7}
   (You found it on level 2 of the Dungeon)

   Str+7:     It affects your strength (+7).
 j - a +2 short sword of venom
 m - the +6 dagger "Yqiwy" (weapon) {flame, *Noise rElec Str+2 Stlth+}
   (You found it on level 3 of the Dungeon)

   Str+2:     It affects your strength (+2).
   rElec:     It insulates you from electricity.
   *Noise:    It may make a loud noise when swung.
   Stlth+:    It makes you more stealthy.
Armour
 b - a +3 leather armour (worn)
Jewellery
 d - a ring of ice
 k - an amulet of faith
 r - a ring of ice
Scrolls
 c - 3 scrolls of butterflies
 e - a scroll of blinking
 f - a scroll of revelation
 h - a scroll of brand weapon
 l - a scroll of poison
Potions
 i - a potion of curing
 p - a potion of berserk rage {unknown}
 q - a potion of magic {unknown}


   Skills:
 - Level 4.0 Fighting
 + Level 6.0 Long Blades
 - Level 1.5 Armour
 - Level 0.7 Dodging
 + Level 5.2 Stealth


You had 5 spell levels left.
You didn't know any spells.
Your spell library contained the following spells:

 Spells                   Type           Power      Damage    Failure   Level
 Martyr's Knell           Necr/Summ      0%         N/A       95%         4
 Orb of Destruction       Conj           0%         9d5       100%        7


Dungeon Overview and Level Annotations

Branches:
Dungeon (4/15)
 Temple: D:4-7

Altars:
Yredelemnul
Zin

Annotations:
D:1 1 runed translucent door


Innate Abilities, Weirdness & Mutations

Your serpentine skin is tough. (AC +2)
You have supernaturally acute eyesight. (SInv)
Armour fits poorly on your strangely shaped body.
Your system is resistant to poisons. (rPois)
You cover ground very slowly.
You can spit poison.
You have a snake-like lower body.
Your mind is acute. (Int +4, Str/Dex -1)
You are strong-willed. (Will+)
You have hidden genetic potential.
Your movements are slightly less encumbered by armour. (ER -2)


Message History

You are too injured to fight recklessly!
You are too injured to fight recklessly!
You are too injured to fight recklessly!
You are too injured to fight recklessly!
You are too injured to fight recklessly!
You are too injured to fight recklessly!
You are too injured to fight recklessly!
You are too injured to fight recklessly!
You are too injured to fight recklessly!
You are too injured to fight recklessly!
You are too injured to fight recklessly!
Aiming: Spit Poison (1% risk of failure)
Press: ? - help, Shift-Dir - straight line, f - ogre
Aim: an ogre, wielding a +0 giant club (moderately wounded, 81% to hit)
The splash of poison hits the ogre.
The ogre is heavily wounded.
The ogre hits you with a +0 giant club!!
Ouch! That really hurt!
* * * LOW HITPOINT WARNING * * *
You emit a cloud of colourful smoke!
Unknown command.
Blink to where?
Press: ? - help, Dir - move target, p - ogre
As you read the scroll of blinking, it crumbles to dust.
You have got your breath back.
Aiming: Spit Poison (1% risk of failure)
Press: ? - help, Shift-Dir - straight line, f - ogre
Aim: an ogre, wielding a +0 giant club (heavily wounded, 81% to hit)
The splash of poison hits the ogre.
The ogre is poisoned.
The ogre is severely wounded.
It was a potion of cancellation.
You feel magically purged.
It was a potion of attraction.
You feel attractive to monsters.
Xom roars with laughter!
The ogre is attracted toward you.
You hit the ogre. You burn the ogre.
The ogre is almost dead.
The ogre hits you with a +0 giant club!!
You die...
Xom bursts into laughter!

#.##............
#...............
####............
######.........###
#.....##.#........
#.....##.#)##.....
#..ยง..##+#.#..[...
#.O........#.###.#
#@.........#. ...
#...#......#> ...
#...#......#. .#.#
#...#...?..# ...#
#...#......# ###.#
#...#......# ..
#...#......# #...#


You could see an ogre (poisoned).

Vanquished Creatures
  2 phantoms (D:4)
  A bombardier beetle (D:4)
  An orc priest (D:2)
  8 adders
  3 gnolls (D:4)
  A dart slug (D:3)
  2 ribbon worms (D:2)
  15 orcs
  8 ball pythons
  3 endoplasms
  2 giant cockroaches
  6 hobgoblins
  3 jackals (D:3)
  5 kobolds
  3 quokkas
  3 bats
  2 frilled lizards (D:2)
  4 goblins
  3 rats (D:2)
75 creatures vanquished.

Notes
Turn   | Place    | Note
-------+----------+-------------------------------------------
     0 | D:1      | spaghetti the Naga Chaos Knight began the quest for the
                  | Orb.
     0 | D:1      | Reached XP level 1. HP: 21/21 MP: 1/1
     0 | D:1      | Noticed a jelly
     1 | D:1      | Found a runed translucent door.
    56 | D:1      | XOM: potion effect (haste)
    70 | D:1      | XOM: smoke on damage
   189 | D:1      | Reached XP level 2. HP: 28/28 MP: 2/2
   452 | D:1      | XOM: divination: detect creatures
   547 | D:1      | XOM: silly message
   939 | D:2      | Reached skill level 4 in Long Blades
   939 | D:2      | Reached XP level 3. HP: 27/34 MP: 3/3
  1050 | D:2      | XOM: noise
  1310 | D:2      | XOM: potion effect (brilliance)
  1324 | D:2      | Reached XP level 4. HP: 35/42 MP: 4/4
  1346 | D:2      | Identified the +0 spear of Parts Unknown {freeze, Str+7}
  1423 | D:2      | XOM: silly message
  1485 | D:2      | XOM: silly message
  1538 | D:2      | XOM: silly message
  1550 | D:2      | XOM: silly message
  1845 | D:3      | XOM is BORED!
  1845 | D:3      | XOM: stat loss: -1 Str (20/21)
  1865 | D:3      | Identified the +6 dagger "Yqiwy" {flame, *Noise rElec Str+2
                  | Stlth+}
  1979 | D:3      | Reached XP level 5. HP: 22/50 MP: 5/5
  2308 | D:3      | Reached skill level 1 in Stealth
  2443 | D:3      | Reached skill level 5 in Long Blades
  2618 | D:3      | Got Ecorghoh's Meditations on Dynamic Dark Deeds
  2728 | D:3      | Found a faded altar of an unknown god.
  2768 | D:4      | Noticed a phantom
  2777 | D:4      | Killed a phantom
  2778 | D:4      | Reached XP level 6. HP: 48/57 MP: 6/6
  2831 | D:4      | XOM: give mutations
  2831 | D:4      | Gained mutation: You are strong-willed. (Will+) [Xom's
                  | grace]
  2831 | D:4      | Gained mutation: You have hidden genetic potential. [Xom's
                  | grace]
  2831 | D:4      | Gained mutation: Your mind is acute. (Int +4, Str/Dex -1)
                  | [Xom's grace]
  2831 | D:4      | Gained mutation: Your movements are slightly less
                  | encumbered by armour. (ER -2) [Xom's grace]
  2882 | D:4      | Found a glowing silver altar of Zin.
  3009 | D:4      | XOM: 1-stop teleportation journey
  3075 | D:4      | Found a basalt altar of Yredelemnul.
  3240 | D:4      | Reached skill level 6 in Long Blades
  3240 | D:4      | Reached skill level 5 in Stealth
  3247 | D:4      | XOM: 3-stop teleportation journey
  3254 | D:4      | XOM: draining
  3264 | D:4      | XOM: smoke on damage
  3276 | D:4      | Mangled by an ogre

Illustrated notes

Levels and vault maps discovered:
D:1:      dpeg_arrival_caged_fury, layout_loops_ring,
          amcnicky_mini_corridor_feature, chequers_serial_rivers_large_a,
          serial_bayou_pond_b, patterned_corridor
D:2:      layout_rooms, minmay_statues_item
D:3:      layout_loops_corners, shapermc_ecumenical_altar_flowoftime
D:4:      layout_basic, zin_statuary, amcnicky_altar_gilded

Skill      XL: |  1  2  3  4  5  6 |
---------------+-------------------+-----
Long Blades    | 4 5 6 |  6.0
Fighting       | 4 |  4.0
Stealth        | 3 5 |  5.2
Armour         | |  1.5
Dodging        | |  0.7

Action                     |  1- 3 |  4- 6 || total
---------------------------+-------+-------++-------
  Melee: Falchion          |    36 |       ||    36
         Short sword       |    62 |    13 ||    75
         Punch             |     1 |       ||     1
         Spear             |       |    37 ||    37
         Dagger            |       |    96 ||    96
Ability: Spit Poison       |     3 |     6 ||     9
    Use: Scroll            |     6 |     3 ||     9
         Potion            |     2 |     6 ||     8
   Stab: Sleeping          |       |     4 ||     4
 Armour: Leather armour    |    95 |   128 ||   223
  Dodge: Dodged            |    59 |    75 ||   134
